 Dungeon Crawl Stone Soup version 0.22-a0-479-gc6e99f3 (webtiles) character file.

145182 aronpayne the Cleaver (level 17, -4/139 HPs)
             Began as a Gnoll Chaos Knight on June 14, 2018.
             Shot with an arrow by a deep elf master archer (13 damage)
             ... on level 1 of the Elven Halls on June 15, 2018.
             The game lasted 03:25:44 (25502 turns).

aronpayne the Cleaver (Gnoll Chaos Knight)         Turns: 25502, Time: 03:25:45

Health: -4/139     AC: 26    Str: 21    XL:     17   Next: 41%
Magic:  32/32      EV: 12    Int: 11    God:    Xom [...*..]
Gold:   1485       SH:  0    Dex: 12    Spells: 35/38 levels left

rFire    + + .     SeeInvis .   b - +11 executioner's axe of Efuzowki {drain, rC+ rN+ Stlth+}
rCold    + + +     Gourm    .   (shield currently unavailable)
rNeg     + . .     Faith    .   i - +2 plate armour {rF+}
rPois    +         Spirit   .   (helmet restricted)
rElec    +         Reflect  .   y - scarf {rC+ rF+}
rCorr    .         Harm     .   n - +2 pair of gloves
MR       ++++.                  H - +1 pair of boots of Iqequh {MR+++ Regen+ Int-5 Dex-5}
Stlth    ++........             R - amulet "Meamu" {rPois Regen+}
HPRegen  1.13/turn              Z - ring "Buroli" {rElec Str+3}
MPRegen  0.23/turn              O - +6 ring of slaying

@: drained
A: distributed training, fangs 1, horns 2, talons 1, icy blue scales 1, rugged
brown scales 1, thin skeletal structure 1, cold resistance 1, weak 1, strong
nose
a: Renounce Religion


You were on level 1 of the Elven Halls.
You worshipped Xom.
You were a favourite toy of Xom.
You were not hungry.

You visited 6 branches of the dungeon, and saw 27 of its levels.
You also visited: Bailey.

You collected 2654 gold pieces.
You spent 1169 gold pieces at shops.

Inventory:

Hand Weapons
 b - the +11 executioner's axe of Efuzowki (weapon) {drain, rC+ rN+ Stlth+}
   (You acquired it on level 8 of the Dungeon)

   A truly terrible weapon, it drains the life of those it strikes.
   It protects you from cold.
   It protects you from negative energy.
   It makes you more stealthy.
 K - a +6 eveningstar of flaming
Armour
 i - a +2 plate armour of fire resistance (worn)
 n - a +2 pair of gloves (worn)
 y - a scarf of resistance (worn)
 H - the +1 pair of boots of Iqequh (worn) {MR+++ Regen+ Int-5 Dex-5}
   (Xom gifted it to you on level 6 of the Dungeon)

   It affects your intelligence (-5).
   It affects your dexterity (-5).
   It affects your resistance to hostile enchantments.
   It increases your rate of regeneration.
 J - a +5 chain mail of poison resistance
Jewellery
 e - an uncursed ring of resist corrosion
 g - an uncursed ring of see invisible
 h - an uncursed ring of flight
 m - an uncursed ring of protection from fire
 O - a +6 ring of slaying (right hand)
 R - the amulet "Meamu" (around neck) {rPois Regen+}
   (You bought it in a shop on level 2 of the Orcish Mines)

   [amulet of regeneration]

   It protects you from poison.
   It increases your rate of regeneration.
 Z - the ring "Buroli" (left hand) {rElec Str+3}
   (You found it in a bailey)

   [ring of strength]

   It affects your strength (+3).
   It insulates you from electricity.
Wands
 j - a wand of paralysis (19)
 l - a wand of enslavement (31)
 o - a wand of disintegration (18)
 z - a wand of iceblast (25)
 C - a wand of digging (5)
 I - a wand of flame (78)
 P - a wand of acid (33)
 U - a wand of clouds (2)
Scrolls
 d - 2 scrolls of enchant armour
 q - a scroll of blinking
 w - 11 scrolls of teleportation
 x - 10 scrolls of remove curse
 A - a scroll of summoning
 G - 6 scrolls of magic mapping
 T - a scroll of holy word
 V - 2 scrolls of enchant weapon
Potions
 a - a potion of berserk rage {unknown}
 k - 5 potions of flight
 p - 4 potions of agility
 r - 5 potions of lignification
 s - 3 potions of might
 t - a potion of haste
 F - a potion of magic
 Q - 2 potions of curing
 W - 2 potions of cancellation
Miscellaneous
 B - a phial of floods (inert)
 S - a sack of spiders
Comestibles
 c - 38 rations
 f - 7 chunks of flesh


   Skills:
 + Level 12.8(12.6) Fighting
 + Level 11.3(11.1) Short Blades
 + Level 11.3(11.1) Long Blades
 + Level 12.8(12.6) Axes
 + Level 11.3(11.1) Maces & Flails
 + Level 11.3(11.1) Polearms
 + Level 11.3(11.1) Staves
 + Level 11.3(11.1) Slings
 + Level 11.3(11.1) Bows
 + Level 11.3(11.1) Crossbows
 + Level 11.3(11.1) Throwing
 + Level 12.1(11.9) Armour
 + Level 11.6(11.4) Dodging
 + Level 11.3(11.1) Stealth
 + Level 11.3(11.1) Shields
 + Level 11.3(11.1) Unarmed Combat
 + Level 11.3(11.1) Spellcasting
 + Level 9.6(9.4) Conjurations
 + Level 9.6(9.4) Hexes
 + Level 9.6(9.4) Charms
 + Level 9.6(9.4) Summonings
 + Level 9.6(9.4) Necromancy
 + Level 9.6(9.4) Translocations
 + Level 9.6(9.4) Transmutations
 + Level 9.6(9.4) Fire Magic
 + Level 9.6(9.4) Ice Magic
 + Level 9.6(9.4) Air Magic
 + Level 9.6(9.4) Earth Magic
 + Level 9.6(9.4) Poison Magic
 + Level 12.2(12.0) Invocations
 + Level 11.3(11.1) Evocations


You had 35 spell levels left.
You knew the following spells:

 Your Spells              Type           Power        Failure   Level  Hunger
a - Static Discharge      Conj/Air       ####....     9%          3    ##.....

Your spell library contained the following spells:

 Spells                   Type           Power        Failure   Level  Hunger
 Lightning Bolt           Conj/Air       ####......   63%         5    #####..
 Summon Small Mammal      Summ           ####         3%          1    None
 Bolt of Draining         Conj/Necr      ####......   63%         5    #####..
 Summon Ice Beast         Ice/Summ       ####....     30%         4    ####...
 Call Imp                 Summ           ####....     4%          2    None
 Dispel Undead            Necr           ####....     63%         5    #####..
 Sublimation of Blood     Necr           ####......   4%          2    None
 Corpse Rot               Necr           N/A          4%          2    None
 Shock                    Conj/Air       ####         3%          1    None
 Swiftness                Chrm/Air       ####....     4%          2    None
 Agony                    Necr           ####....     63%         5    #####..
 Spider Form              Tmut/Pois      ####......   9%          3    ##.....
 Blade Hands              Tmut           ####......   63%         5    #####..
 Ice Form                 Ice/Tmut       ####....     30%         4    ####...
 Airstrike                Air            ####......   30%         4    ####...
 Sticks to Snakes         Tmut           ####....     4%          2    None
 Call Canine Familiar     Summ           ####....     9%          3    ##.....
 Excruciating Wounds      Chrm/Necr      ####......   63%         5    #####..
 Beastly Appendage        Tmut           ####..       3%          1    None
 Summon Lightning Spire   Summ/Air       ####....     30%         4    ####...
 Summon Guardian Golem    Hex/Summ       ####....     9%          3    ##.....


Dungeon Overview and Level Annotations

Branches:
Dungeon (13/15)            Temple (1/1) D:7            Lair (6/6) D:8
  Swamp (4/4) Lair:4       Spider (0/4) Lair:4        Slime (0/5) Lair:6
    Orc (2/2) D:12            Elf (1/3) Orc:2        Vaults (0/5) D:13

Altars:
Ashenzari
Cheibriados
Dithmenos
Elyvilon
Fedhas
Gozag
Hepliaklqana
Kikubaaqudgha
Makhleb
Nemelex Xobeh
Okawaru
Qazlal
Ru
Sif Muna
Trog
Uskayaw
Vehumet
Wu Jian
Xom
Yredelemnul
Zin
The Shining One
Beogh

Shops:
D:12 [   Orc:2 ==([

Annotations:
D:7 Maurice
Swamp:4 exclusion: the Lernaean hydra, Lernaean hydra


Innate Abilities, Weirdness & Mutations

Your experience applies equally to all skills.
You have very sharp teeth.
Your uncanny sense of smell can sniff out nearby items.
You have a pair of horns on your head.
You have sharp toenails.
You are partially covered in icy blue scales. (AC +2)
You are partially covered in rugged brown scales. (AC +1, +3% HP)
You have a somewhat thin skeletal structure. (Dex +2, Stealth)
Your flesh is cold resistant. (rC+)
You are weak. (Str -2)


Message History

The deep elf master archer shoots an arrow.
The arrow hits you!!
* * * LOW HITPOINT WARNING * * *
The deep elf master archer shoots an arrow.
The arrow hits you!
* * * LOW HITPOINT WARNING * * *
The arrow freezes you.
* * * LOW HITPOINT WARNING * * *
Your mature firesting beast barely misses the deep elf demonologist. x2
The Ice Fiend claws you.
* * * LOW HITPOINT WARNING * * *
The Ice Fiend freezes you! You resist.
* * * LOW HITPOINT WARNING * * *
The Ice Fiend claws you but does no damage.
The deep elf demonologist mumbles some strange words.
The crawling corpse is engulfed in freezing vapours.
The deep elf master archer shoots an arrow.
The arrow hits you!
You die...
Xom is highly amused!

.....###._..#..#
######..
.....8#8....)).#
#......[
#..........#.##
###.#####.
#..........#.#####...#
##
#.........##...#...###
##.....######...###
##...###########
##.......(1....###
#.......sx@ee''''''
#.###....ee(''++++' #.
#....4ee2x'+ .
#$#...H'x§§§§+
..##...'''§e§§+ ...
####'+'.§§§§+ ##
#'++..§§++ .'


+++++ . You could see a deep elf blademaster, an Ice Fiend, a cacodemon, 3 deep
elf master archers, a deep elf death mage, a deep elf sorcerer, a deep elf
demonologist, an ice devil, a vampiric war axe, 3 crawling corpses, a friendly
mature firesting beast and a friendly orb spider.

Vanquished Creatures
  2 thorn hunters
  Frances (Swamp:2)
  2 orc warlords
  Nessos (Lair:5)
  The ghost of vineage the Cleaver, a journeyman HOFi (Lair:1)
  A deep elf death mage (Elf:1)
  4 vault guards (D:13)
  23 hydras
  Erolcha (Orc:1)
  A centaur warrior (D:13)
  The ghost of aronpayne the Thaumaturge, a journeyman GnVM of Sif Muna (Lair:1)
  10 two-headed ogres
  Erica (D:10)
  12 alligators
  4 orc high priests (Orc:2)
  2 deep elf knights (Elf:1)
  Urug (D:11)
  A spriggan druid (Swamp:3)
  6 swamp dragons
  A shambling mangrove (Swamp:3)
  A deep elf archer (Elf:1)
  A lindwurm (Lair:6)
  The ghost of Defined the Thaumaturge, a novice DEFE of Nemelex Xobeh (D:9)
  5 orc knights (Orc:2)
  7 deep elf magi
  3 ugly things (D:13)
  An orb spider (Lair:4)
  3 orc sorcerers (Orc:2)
  4 oklob plants (Lair:5)
  2 manticores (D:13)
  2 cyclopes
  4 elephants (Lair:4)
  A black mamba (Lair:6)
  A gargoyle (D:11)
  An elephant (shapeshifter) (Swamp:4)
  2 centaur skeletons (D:13)
  35 spiny frogs
  A rime drake (Lair:3)
  3 kobold demonologists (D:11)
  8 komodo dragons
  7 trolls
  13 tyrant leeches
  6 polar bears
  4 bog bodies
  9 hornets
  23 blink frogs
  9 hippogriffs
  27 slime creatures
  5 dream sheep (Lair:5)
  An air elemental (Elf:1)
  6 spriggans
  7 wyverns
  2 shadows
  3 water elementals
  A fire elemental (Elf:1)
  63 yaks
  Eustachio (D:4)
  2 humans (D:9)
  3 hungry ghosts
  3 basilisks
  4 steam dragons
  21 vampire mosquitoes
  21 swamp worms
  3 wargs (Orc:2)
  13 water moccasins
  A soldier ant (D:12)
  Duvessa (D:4)
  An acid dragon (D:13)
  5 porcupines
  9 swamp drakes
  2 ice beasts (D:12)
  43 orc warriors
  4 sky beasts
  10 black bears
  A phantom (D:7)
  17 ogres
  13 wolves
  12 crocodiles
  12 centaurs
  2 big kobolds
  26 bullfrogs
  Dowan (D:4)
  6 scorpions
  A wyvern skeleton (D:8)
  5 wights (D:12)
  2 howler monkeys (D:10)
  6 electric eels
  7 crimson imps
  A bullfrog zombie (D:6)
  4 centaur zombies
  9 jellies
  A quasit (D:6)
  3 hounds
  A bullfrog skeleton (D:12)
  28 orc priests
  13 orc wizards
  9 worker ants
  A hound zombie (D:9)
  A hound skeleton (D:9)
  2 howler monkey zombies
  A worker ant zombie (D:8)
  16 adders
  2 gnolls
  A howler monkey skeleton (D:7)
  A shadow imp (D:11)
  An ooze (D:1)
  An adder zombie (D:8)
  A worm (D:2)
  2 dart slugs (D:5)
  4 leopard geckos
  90 orcs
  10 bats
  4 giant cockroaches
  18 goblins
  12 hobgoblins
  4 jackals
  28 kobolds
  5 quokkas
  2 ball pythons
  5 frilled lizards
  A leopard gecko zombie (D:5)
  A quokka zombie (D:9)
  12 rats
  A butterfly (D:7)
  8 fungi
  5 plants
915 creatures vanquished.

Vanquished Creatures (collateral kills)
  A hornet (Swamp:2)
  A spriggan (Swamp:2)
  Edmund (D:6)
  An orc warrior (D:6)
  An ogre (D:7)
  A centaur (D:13)
  An earth elemental (Elf:1)
  A quasit (D:7)
  An orc priest (D:8)
  An orc wizard (D:6)
  5 orcs
  4 goblins (D:7)
19 creatures vanquished.

Vanquished Creatures (others)
  A centaur warrior (D:13)
  A deep elf archer (Elf:1)
  An elephant (Lair:4)
  A black mamba (Lair:4)
  A hornet (Swamp:2)
  A spriggan (Swamp:2)
  An orc priest (Orc:2)
  A jelly (Lair:6)
  An ooze (Lair:6)
  An orc (Orc:2)
  16 fungi
  54 plants
80 creatures vanquished.

Grand Total: 1014 creatures vanquished

Notes
Turn   | Place    | Note
-------+----------+-------------------------------------------
     0 | D:1      | aronpayne the Gnoll Chaos Knight began the quest for the Orb.
     0 | D:1      | Reached XP level 1. HP: 23/23 MP: 1/1
    67 | D:1      | XOM: potion effect (heal wounds)
    74 | D:1      | XOM: harmless Erth miscast
   113 | D:1      | Reached XP level 2. HP: 22/29 MP: 2/2
   232 | D:1      | XOM: harmless Hex miscast
   365 | D:1      | Reached XP level 3. HP: 33/35 MP: 3/3
   459 | D:1      | Found a sparkling altar of Nemelex Xobeh.
   508 | D:1      | Reached skill level 1 in Invocations
   630 | D:1      | XOM: god gift: wand of enslavement (18)
   650 | D:1      | XOM: give mutation
   650 | D:1      | Gained mutation: Your natural rate of healing is unusually fast. [Xom's grace]
   684 | D:1      | XOM: god gift: 7 rations
  1003 | D:2      | Reached skill level 1 in Short Blades
  1003 | D:2      | Reached skill level 1 in Long Blades
  1003 | D:2      | Reached skill level 1 in Maces & Flails
  1003 | D:2      | Reached skill level 1 in Polearms
  1003 | D:2      | Reached skill level 1 in Staves
  1003 | D:2      | Reached skill level 1 in Slings
  1003 | D:2      | Reached skill level 1 in Bows
  1003 | D:2      | Reached skill level 1 in Crossbows
  1003 | D:2      | Reached skill level 1 in Throwing
  1003 | D:2      | Reached skill level 1 in Stealth
  1003 | D:2      | Reached skill level 1 in Shields
  1003 | D:2      | Reached skill level 1 in Unarmed Combat
  1003 | D:2      | Reached skill level 1 in Spellcasting
  1003 | D:2      | Reached skill level 1 in Evocations
  1108 | D:2      | Reached XP level 4. HP: 40/41 MP: 5/5
  1639 | D:3      | Found an opulent altar of Gozag.
  1645 | D:3      | Reached skill level 1 in Conjurations
  1645 | D:3      | Reached skill level 1 in Hexes
  1645 | D:3      | Reached skill level 1 in Charms
  1645 | D:3      | Reached skill level 1 in Summonings
  1645 | D:3      | Reached skill level 1 in Necromancy
  1645 | D:3      | Reached skill level 1 in Translocations
  1645 | D:3      | Reached skill level 1 in Transmutations
  1645 | D:3      | Reached skill level 1 in Fire Magic
  1645 | D:3      | Reached skill level 1 in Ice Magic
  1645 | D:3      | Reached skill level 1 in Air Magic
  1645 | D:3      | Reached skill level 1 in Earth Magic
  1645 | D:3      | Reached skill level 1 in Poison Magic
  1773 | D:3      | XOM: potion effect (agility)
  1779 | D:3      | XOM: enchant monster (good)
  1792 | D:3      | Reached XP level 5. HP: 47/47 MP: 6/6
  2093 | D:3      | XOM: scenery: create altars
  2715 | D:4      | Noticed Duvessa
  2715 | D:4      | XOM: cast spell 'Death Channel'
  2715 | D:4      | Noticed Dowan
  2732 | D:4      | Killed Duvessa
  2732 | D:4      | Reached skill level 5 in Armour
  2732 | D:4      | Reached XP level 6. HP: 33/53 MP: 8/8
  2734 | D:4      | Killed Dowan
  2753 | D:4      | Noticed Eustachio
  2767 | D:4      | Killed Eustachio
  2767 | D:4      | Reached XP level 7. HP: 59/59 MP: 10/10
  2936 | D:5      | Entered Level 5 of the Dungeon
  2950 | D:5      | XOM is BORED!
  2950 | D:5      | XOM: mild Summ miscast
  3116 | D:5      | XOM: noise
  3163 | D:5      | XOM: fake destruction
  3166 | D:5      | XOM: god gift: hunting sling {god gift}
  3167 | D:5      | Reached XP level 8. HP: 65/67 MP: 12/12
  3176 | D:5      | XOM: god gift: scroll labeled QUOLYERU HASOL {god gift}
  3343 | D:4      | XOM: 1-stop teleportation journey
  3806 | D:6      | XOM: confusion (+ monsters)
  3811 | D:6      | XOM: potion effect (heal wounds)
  3838 | D:6      | XOM: god gift: 3 javelins of returning
  3857 | D:6      | Noticed Edmund
  3863 | D:6      | Killed Edmund
  3896 | D:6      | XOM: summons 6 friendly demons
  4046 | D:6      | XOM: god gift: wand of acid (11)
  4060 | D:6      | XOM: god gift: 350 gold pieces
  4218 | D:6      | XOM: god gift: pair of scorched boots {god gift}
  4219 | D:6      | Got a pair of scorched boots {god gift}
  4230 | D:6      | XOM: cleaving
  4232 | D:6      | XOM: smoke on damage
  4234 | D:6      | XOM: cloud trail
  4562 | D:6      | Reached XP level 9. HP: 54/72 MP: 14/14
  4580 | D:6      | Lost mutation: Your natural rate of healing is unusually fast. [potion of mutation]
  4580 | D:6      | Gained mutation: You are frail. (-10% HP) [potion of mutation]
  4580 | D:6      | Gained mutation: You are very frail. (-20% HP) [potion of mutation]
  4580 | D:6      | Gained mutation: You are weak. (Str -2) [potion of mutation]
  4580 | D:6      | Gained mutation: You expend magic power (3 MP) to strengthen your wands. [potion of mutation]
  4814 | D:7      | XOM: god gift: 17 bolts
  4991 | D:7      | Found a staircase to the Ecumenical Temple.
  5024 | D:7      | XOM: god gift: scroll labeled IRPHO MUVVEO {god gift}
  5180 | D:7      | Noticed a troll
  5182 | D:7      | XOM: potion effect (heal wounds)
  5189 | D:7      | XOM: butterfly on damage
  5196 | D:7      | XOM: divine lightning
  5215 | D:7      | Killed a troll
  5215 | D:7      | Reached skill level 5 in Dodging
  5247 | D:7      | XOM: summons friendly rust devil
  5356 | D:7      | Found a flagged portal.
  5369 | Bailey   | Entered a bailey
  5374 | Bailey   | Noticed an orc warlord
  5419 | Bailey   | XOM: enchant monster (good)
  5449 | Bailey   | XOM: god gift: 7 poisoned javelins
  5471 | Bailey   | XOM: god gift: 52 gold pieces
  5565 | Bailey   | XOM: smoke on damage
  5744 | Bailey   | Found a runed gate.
  5752 | Bailey   | Found a runed gate.
  5753 | Bailey   | Found a runed gate.
  5822 | Bailey   | XOM: noise
  6062 | Bailey   | XOM: scenery: 4 doors close
  6131 | Bailey   | XOM: summons friendly crimson imp
  6136 | Bailey   | XOM: scenery: 1 doors close
  6186 | Bailey   | XOM: confuse monster(s)
  6195 | Bailey   | XOM: fog
  6218 | Bailey   | Killed an orc warlord
  6218 | Bailey   | Reached skill level 5 in Short Blades
  6218 | Bailey   | Reached skill level 5 in Long Blades
  6218 | Bailey   | Reached skill level 5 in Maces & Flails
  6218 | Bailey   | Reached skill level 5 in Polearms
  6218 | Bailey   | Reached skill level 5 in Staves
  6218 | Bailey   | Reached skill level 5 in Slings
  6218 | Bailey   | Reached skill level 5 in Bows
  6218 | Bailey   | Reached skill level 5 in Crossbows
  6218 | Bailey   | Reached skill level 5 in Throwing
  6218 | Bailey   | Reached skill level 5 in Stealth
  6218 | Bailey   | Reached skill level 5 in Shields
  6218 | Bailey   | Reached skill level 5 in Unarmed Combat
  6218 | Bailey   | Reached skill level 5 in Spellcasting
  6218 | Bailey   | Reached skill level 5 in Invocations
  6218 | Bailey   | Reached skill level 5 in Evocations
  6218 | Bailey   | Reached XP level 10. HP: 64/64 MP: 14/17
  6221 | Bailey   | XOM: medium Tmut miscast
  6279 | Bailey   | Got a bound platinum ring
  6281 | Bailey   | Identified the ring "Buroli" {rElec Str+3} (You found it in a bailey)
  6389 | D:7      | Identified the +1 pair of boots of Iqequh {MR+++ Regen+ Int-5 Dex-5} (Xom gifted it to you on level 6 of the Dungeon)
  6393 | D:7      | XOM: god gift: 10 gold pieces
  6714 | D:8      | Noticed Maurice
  6742 | D:7      | XOM: chaos cloud
  7026 | D:8      | XOM: give mutations
  7026 | D:8      | Lost mutation: You are very frail. (-20% HP) [Xom's mischief]
  7026 | D:8      | Gained mutation: You are clumsy. (Dex -2) [Xom's mischief]
  7026 | D:8      | Lost mutation: You expend magic power (3 MP) to strengthen your wands. [Xom's mischief]
  7116 | D:8      | Found a sacrificial altar of Ru.
  7121 | D:8      | XOM: confusion (+ monsters)
  7141 | D:8      | XOM: harmless Hex miscast
  7154 | D:8      | XOM: confuse monster(s)
  7186 | D:8      | XOM: cloud trail
  7443 | D:8      | Noticed a two-headed ogre
  7447 | D:8      | XOM: confuse monster(s)
  7453 | D:8      | Killed a two-headed ogre
  7483 | D:8      | Found a staircase to the Lair.
  7617 | D:9      | XOM: cleaving
  7634 | D:9      | Noticed Defined's ghost (novice DEFE)
  7641 | D:9      | XOM: enchant monster (good)
  7661 | D:8      | HP: 1/73 [crocodile (12)]
  7669 | D:8      | XOM: enchant monster (good)
  7795 | D:8      | Identified a scroll of acquirement
  7796 | D:8      | Got a jewelled executioner's axe
  7797 | D:8      | Identified the +11 executioner's axe of Efuzowki {drain, rC+ rN+ Stlth+} (You acquired it on level 8 of the Dungeon)
  7799 | D:8      | Reached skill level 5 in Conjurations
  7799 | D:8      | Reached skill level 5 in Hexes
  7799 | D:8      | Reached skill level 5 in Charms
  7799 | D:8      | Reached skill level 5 in Summonings
  7799 | D:8      | Reached skill level 5 in Necromancy
  7799 | D:8      | Reached skill level 5 in Translocations
  7799 | D:8      | Reached skill level 5 in Transmutations
  7799 | D:8      | Reached skill level 5 in Fire Magic
  7799 | D:8      | Reached skill level 5 in Ice Magic
  7799 | D:8      | Reached skill level 5 in Air Magic
  7799 | D:8      | Reached skill level 5 in Earth Magic
  7799 | D:8      | Reached skill level 5 in Poison Magic
  7799 | D:8      | Reached XP level 11. HP: 80/80 MP: 18/20
  7809 | D:9      | Killed Defined's ghost
  7949 | D:9      | XOM: cast spell 'Statue Form'
  7989 | D:9      | XOM: confuse monster(s)
  8001 | D:9      | Reached XP level 12. HP: 86/86 MP: 21/21
  8028 | D:9      | Found an iron altar of Okawaru.
  8335 | D:9      | Noticed a two-headed ogre
  8341 | D:9      | Killed a two-headed ogre
  8390 | D:9      | XOM: noise
  8666 | D:10     | Entered Level 10 of the Dungeon
  8738 | D:10     | XOM: harmless Summ miscast
  8742 | D:10     | XOM: silly message
  8983 | D:10     | XOM: cast spell 'Summon Ice Beast'
  8984 | D:10     | XOM: divination: detect items
  9256 | D:10     | Noticed Erica
  9265 | D:10     | Killed Erica
  9330 | D:11     | XOM: divination: magic mapping
  9473 | D:11     | Noticed Urug
  9484 | D:11     | XOM: potion effect (invisibility)
  9490 | D:11     | Killed Urug
  9562 | D:11     | Noticed a two-headed ogre
  9568 | D:11     | Killed a two-headed ogre
  9576 | D:11     | XOM: mild Erth miscast
  9702 | D:11     | Noticed a sun demon
  9705 | D:11     | XOM: destruction
  9705 | D:11     | Noticed a seven-headed hydra
  9709 | D:11     | XOM: chaos upgrade
  9717 | D:11     | Noticed a sun demon
  9723 | D:11     | XOM: divination: detect creatures
  9724 | D:11     | XOM: chaos upgrade
  9727 | D:11     | XOM: butterfly on damage
  9825 | D:11     | XOM: noise
 10114 | D:11     | XOM: draining
 10389 | D:12     | XOM: summons 5 friendly demons
 10393 | D:12     | Reached skill level 10 in Fighting
 10393 | D:12     | Reached skill level 10 in Axes
 10576 | D:12     | Noticed a two-headed ogre
 10579 | D:12     | XOM: cast spell 'Summon Small Mammal'
 10587 | D:12     | Killed a two-headed ogre
 10613 | D:12     | Reached XP level 13. HP: 92/92 MP: 24/24
 10615 | D:12     | XOM: potion effect (haste)
 10623 | D:12     | XOM: harmless Tmut miscast
 10683 | D:12     | XOM: divination: magic mapping
 10751 | D:12     | Found a staircase to the Orcish Mines.
 10831 | D:12     | XOM: divination: detect items
 11097 | D:12     | XOM: summons 3 friendly demons
 11113 | D:12     | Found Kourant's Antique Armour Emporium.
 11206 | D:13     | XOM: enchant monster (bad)
 11207 | D:13     | XOM: smoke on damage
 11209 | D:13     | XOM: noise
 11258 | D:13     | XOM: divination: magic mapping
 11260 | D:13     | XOM: smoke on damage
 11437 | D:13     | XOM: enchant monster (bad)
 11440 | D:13     | Noticed a vault guard
 11441 | D:13     | Noticed a vault guard
 11450 | D:13     | Killed a vault guard
 11458 | D:13     | Noticed a vault guard
 11459 | D:13     | Killed a vault guard
 11461 | D:13     | Noticed a vault guard
 11466 | D:13     | XOM: enchant monster (good)
 11467 | D:13     | XOM: summons 2 friendly demons
 11576 | D:13     | Killed a vault guard
 11577 | D:13     | Killed a vault guard
 11757 | D:13     | XOM: harmless Fire miscast
 11862 | D:13     | XOM: mild Tmut miscast
 11982 | D:13     | Found a gate to the Vaults.
 12463 | Lair:1   | Entered Level 1 of the Lair of Beasts
 12470 | Lair:1   | XOM: severe Erth miscast
 12479 | Lair:1   | Noticed vineage's ghost (journeyman HOFi)
 12479 | Lair:1   | XOM: 1-stop teleportation journey
 12488 | Lair:1   | XOM: polymorph crocodile -> black bear
 12599 | Lair:1   | XOM: enchant monster (bad)
 12604 | Lair:1   | Reached XP level 14. HP: 76/99 MP: 26/26
 12680 | Lair:1   | Noticed aronpayne's ghost (journeyman GnVM)
 12688 | Lair:1   | XOM: mild Hex miscast
 12703 | Lair:1   | Killed aronpayne's ghost
 12753 | Lair:1   | XOM: 2-stop teleportation journey
 12767 | Lair:1   | Killed vineage's ghost
 12783 | Lair:1   | Found an ancient bone altar of Kikubaaqudgha.
 12789 | Lair:1   | XOM: give mutations
 12789 | Lair:1   | Gained mutation: You are partially covered in rugged brown scales. (AC +1, +3% HP) [Xom's grace]
 12789 | Lair:1   | Gained mutation: Your mind is acute. (Int +2) [Xom's grace]
 12862 | Lair:1   | XOM: scenery: create altars
 13207 | Lair:1   | XOM: scenery: create altars
 13266 | Lair:1   | XOM: god gift: pair of translucent boots {god gift}
 13267 | Lair:1   | Got a pair of translucent boots {god gift}
 13278 | Lair:1   | Identified the +2 pair of boots of Pantheism {Int+3} (Xom gifted it to you on level 1 of the Lair of Beasts)
 13521 | Lair:2   | XOM: destruction
 13523 | Lair:2   | Reached skill level 10 in Armour
 13534 | Lair:2   | XOM: summons friendly iron imp
 13634 | Lair:2   | XOM: summons friendly ufetubus
 13681 | Lair:2   | XOM: potion effect (berserk rage)
 13683 | Lair:2   | XOM: enchant monster (bad)
 13697 | Lair:2   | XOM: smoke on damage
 13864 | Lair:2   | XOM: silly message
 14141 | Lair:2   | XOM: summons 2 hostile demons
 14187 | Lair:2   | XOM: god gift: 23 arrows
 14227 | Lair:3   | XOM: 2-stop teleportation journey
 14268 | Lair:3   | XOM: give mutations
 14268 | Lair:3   | Lost mutation: You are clumsy. (Dex -2) [Xom's mischief]
 14268 | Lair:3   | Lost mutation: Your mind is acute. (Int +2) [Xom's mischief]
 14510 | Lair:3   | XOM: 1-stop teleportation journey
 14677 | Lair:3   | XOM: harmless Necr miscast
 14684 | Lair:3   | Got a pitted plate armour
 14695 | Lair:3   | Identified the +1 plate armour "Futoryick" {Int+4} (You found it on level 3 of the Lair of Beasts)
 14698 | Lair:3   | XOM: god gift: 18 stones
 15309 | Lair:4   | Reached skill level 10 in Invocations
 15375 | Lair:4   | XOM: give mutations
 15375 | Lair:4   | Gained mutation: You are partially covered in icy blue scales. (AC +2) [Xom's grace]
 15375 | Lair:4   | Gained mutation: You have a somewhat thin skeletal structure. (Dex +2, Stealth) [Xom's grace]
 15393 | Lair:4   | XOM: cleaving
 15446 | Lair:4   | XOM: destruction
 15449 | Lair:4   | XOM: divine lightning
 15456 | Lair:4   | XOM: fog
 15599 | Lair:4   | XOM: fog
 15692 | Lair:4   | XOM: 4-stop teleportation journey
 15857 | Lair:4   | Found a staircase to the Swamp.
 16005 | Lair:4   | Found a hole to the Spider Nest.
 16293 | Lair:5   | XOM: god gift: book of Callings
 16294 | Lair:5   | XOM: fog
 16464 | Lair:5   | Got an ancient ring mail
 16465 | Lair:5   | Identified the +0 ring mail "Lickerody" {rC+ Regen+ rCorr} (You found it on level 5 of the Lair of Beasts)
 16518 | Lair:5   | Noticed Nessos
 16541 | Lair:5   | XOM: divination: magic mapping
 16560 | Lair:5   | Reached XP level 15. HP: 57/110 MP: 28/28
 16563 | Lair:5   | Killed Nessos
 16706 | Lair:5   | XOM: harmless Summ miscast
 16974 | Lair:5   | Reached skill level 10 in Dodging
 17002 | Lair:5   | Got a brightly glowing battleaxe
 17003 | Lair:5   | Identified the +3 battleaxe of Ycsegh {elec, rC- rN+ Int+3} (You found it on level 5 of the Lair of Beasts)
 17262 | Lair:6   | Entered Level 6 of the Lair of Beasts
 17332 | Lair:6   | XOM: confuse monster(s)
 17632 | Lair:6   | XOM: summons 3 friendly demons
 17724 | Lair:6   | XOM is BORED!
 17724 | Lair:6   | XOM: enchant monster (bad)
 17825 | Lair:6   | XOM: smoke on damage
 18006 | Lair:6   | Reached skill level 10 in Short Blades
 18006 | Lair:6   | Reached skill level 10 in Long Blades
 18006 | Lair:6   | Reached skill level 10 in Maces & Flails
 18006 | Lair:6   | Reached skill level 10 in Polearms
 18006 | Lair:6   | Reached skill level 10 in Staves
 18006 | Lair:6   | Reached skill level 10 in Slings
 18006 | Lair:6   | Reached skill level 10 in Bows
 18006 | Lair:6   | Reached skill level 10 in Crossbows
 18006 | Lair:6   | Reached skill level 10 in Throwing
 18006 | Lair:6   | Reached skill level 10 in Stealth
 18006 | Lair:6   | Reached skill level 10 in Shields
 18006 | Lair:6   | Reached skill level 10 in Unarmed Combat
 18006 | Lair:6   | Reached skill level 10 in Spellcasting
 18006 | Lair:6   | Reached skill level 10 in Evocations
 18095 | Lair:6   | Found a staircase to the Slime Pits.
 18285 | Lair:6   | XOM: scenery: create altars
 18571 | Swamp:1  | Entered Level 1 of the Swamp
 18651 | Swamp:1  | XOM is BORED!
 18651 | Swamp:1  | XOM: stat loss: -3 Dex (9/12)
 18708 | Swamp:1  | XOM: 3-stop teleportation journey
 18840 | Swamp:1  | XOM: scenery: create altars
 18987 | Swamp:1  | XOM: scenery: create altars
 18988 | Swamp:1  | XOM: 1-stop teleportation journey
 19009 | Swamp:1  | XOM: give mutations
 19009 | Swamp:1  | Gained mutation: You have a pair of small horns on your head. [Xom's grace]
 19009 | Swamp:1  | Gained mutation: You have sharp toenails. [Xom's grace]
 19009 | Swamp:1  | Gained mutation: You have a pair of horns on your head. [Xom's grace]
 19009 | Swamp:1  | Lost mutation: You are frail. (-10% HP) [Xom's grace]
 19370 | Swamp:1  | XOM: god gift: wand of clouds (5)
 19594 | Swamp:2  | XOM: cast spell 'Chain of Chaos'
 19672 | Swamp:2  | XOM: enchant monster (good)
 19674 | Swamp:2  | Reached XP level 16. HP: 130/130 MP: 30/30
 19674 | Swamp:2  | Noticed a thorn hunter
 19676 | Swamp:2  | Noticed Frances
 19683 | Swamp:2  | Killed a thorn hunter
 19689 | Swamp:2  | Killed Frances
 19922 | Swamp:2  | XOM: divination: detect creatures
 20017 | Swamp:2  | XOM: fake destruction
 20019 | Swamp:2  | XOM: summons 2 friendly demons
 20514 | Swamp:3  | XOM: medium Chrm miscast
 20539 | Swamp:3  | XOM: smoke on damage
 20759 | Swamp:3  | XOM: harmless Summ miscast
 21023 | Swamp:3  | XOM: cloud trail
 21257 | Swamp:3  | XOM: cast spell 'Shadow Creatures'
 21548 | Swamp:3  | XOM: give mutation
 21548 | Swamp:3  | Gained mutation: Your flesh is cold resistant. (rC+) [Xom's grace]
 21569 | Swamp:4  | Entered Level 4 of the Swamp
 21777 | Swamp:4  | Noticed a thorn hunter
 21787 | Swamp:4  | Killed a thorn hunter
 22126 | Swamp:4  | XOM: cast spell 'Metabolic Englaciation'
 22137 | Swamp:4  | XOM: divination: magic mapping
 22214 | Swamp:4  | Noticed the 27-headed Lernaean hydra
 22362 | Swamp:4  | XOM: polymorph large slime creature -> elephant
 22509 | Swamp:4  | XOM: god gift: blackened silver ring {god gift}
 22510 | Swamp:4  | XOM: 4-stop teleportation journey
 22818 | Temple   | Entered the Ecumenical Temple
 22896 | Temple   | XOM: 2-stop teleportation journey
 23164 | D:8      | XOM: divination: detect creatures
 23317 | Orc:1    | Entered Level 1 of the Orcish Mines
 23446 | Orc:1    | Noticed Erolcha
 23456 | Orc:1    | Killed Erolcha
 23550 | Orc:1    | XOM: god gift: phial of floods
 23641 | Orc:2    | Entered Level 2 of the Orcish Mines
 23805 | Orc:2    | Reached XP level 17. HP: 105/139 MP: 32/32
 23878 | Orc:2    | XOM: noise
 24002 | Orc:2    | Found a roughly hewn altar of Beogh.
 24024 | Orc:2    | XOM: harmless Erth miscast
 24082 | Orc:2    | Found Vimuw's Jewellery Boutique.
 24093 | Orc:2    | Bought an uncursed amulet of the gourmand for 510 gold pieces
 24100 | Orc:2    | Found Xienets's Jewellery Shop.
 24187 | Orc:2    | Bought the amulet "Meamu" {rPois Regen+} for 659 gold pieces
 24481 | Orc:2    | Found a roughly hewn altar of Beogh.
 24487 | Orc:2    | XOM: enchant monster (good)
 24558 | Orc:2    | Found Qosy's Armour Boutique.
 24694 | Orc:2    | Found Heckius's Weapon Shoppe.
 24881 | Orc:2    | Learned a level 3 spell: Static Discharge
 24933 | Orc:2    | XOM: harmless Summ miscast
 25085 | Orc:2    | Found a staircase to the Elven Halls.
 25428 | Elf:1    | Entered Level 1 of the Elven Halls
 25445 | Elf:1    | Found a radiant altar of Vehumet.
 25446 | Elf:1    | XOM: fake destruction
 25469 | Elf:1    | Found a huge runed gate.
 25469 | Elf:1    | Found a huge runed gate.
 25469 | Elf:1    | Found a huge runed gate.
 25469 | Elf:1    | Found a huge runed gate.
 25469 | Elf:1    | Found a huge runed gate.
 25469 | Elf:1    | Found a huge runed gate.
 25469 | Elf:1    | Found a huge runed gate.
 25469 | Elf:1    | Found a huge runed gate.
 25469 | Elf:1    | Found a huge runed gate.
 25469 | Elf:1    | Found a huge runed gate.
 25470 | Elf:1    | Found a huge runed gate.
 25473 | Elf:1    | Found a huge runed gate.
 25473 | Elf:1    | Found a huge runed gate.
 25491 | Elf:1    | Noticed a deep elf master archer
 25491 | Elf:1    | Noticed a deep elf master archer
 25492 | Elf:1    | Noticed a deep elf blademaster
 25492 | Elf:1    | Noticed a deep elf master archer
 25495 | Elf:1    | Noticed an Ice Fiend
 25502 | Elf:1    | Shot with an arrow by a deep elf master archer

Vault maps used:
D:1:      lightli_arrival_lavapool, nemelex_diamond_rough_becter
D:2:      kennysheep_generic_room_9
D:3:      kb_forest_paths, lemuel_crystal_altar
D:4:      uniq_duvessa, uniq_eustachio
D:5:      minmay_thick_lines, first_ration
D:6:      kennysheep_steamy, uniq_edmund
D:7:      cheibrodos_quashed, minmay_temple_entry_butterflies, enter_bailey_3
D:8:      david_lair_shrubbed, nicolae_ru_awakened_eye, uniq_maurice
D:9:      the_bakery, okawaru_humans
D:10:     uniq_erica
D:11:     grunt_ministairs_12, uniq_urug
D:12:     david_orc_4, serial_shops, nicolae_shop_crystal,
          minmay_misc_feat_columns, fountainhead, minmay_misc_feat_rows
D:13:     lightli_vaults_fourway_checkpoint
Temple:   nicolae_temple_the_god_donut
Lair:1:   beast_lair_carwin_large_3, basic_altar, serial_bayou_pond_e
Lair:3:   wad_woods_road_05
Lair:4:   minmay_swamp_entry_worms, nicolae_spider_entry_orb_guardian,
          serial_bayou_shore_a, lemuel_fruit_tree
Lair:5:   beast_lair_carwin_1, grunt_megastairs_2, minmay_lair_oklob_chamber,
          lemuel_fruit_fields, uniq_nessos
Lair:6:   minmay_lair_end_frog_pond, nicolae_slime_entry_slimehenge
Swamp:1:  evilmike_swamp_ruin_house_2, swamp_pool1
Swamp:2:  hangedman_swamp_cone, infiniplex_staircase_pool_2, uniq_frances
Swamp:3:  evilmike_swamp_ruin_house_6
Swamp:4:  swamp_old_school, swamp_pool2
Orc:1:    nicolae_orc_crystal_geode, uniq_erolcha
Orc:2:    pubby_orc_utopia, serial_shops
Elf:1:    eino_elf_arrival_altar, serial_shops, shop_coins,
          minmay_elf_annihilation, door_vault, uniq_nikola
Bailey:   bailey_axe_bossmonster_kennysheep, bailey

Skill      XL: |  1  2  3  4  5  6  7  8  9 10 11 12 13 14 15 16 17 |
---------------+----------------------------------------------------+-----
Invocations    | 1 2 3 4 5 7 8 9 10 11 12 | 12.2
Short Blades   | 1 2 3 5 6 7 8 9 10 11 | 11.3
Long Blades    | 1 2 3 5 6 7 8 9 10 11 | 11.3
Maces & Flails | 1 2 3 5 6 7 8 9 10 11 | 11.3
Polearms       | 1 2 3 5 6 7 8 9 10 11 | 11.3
Staves         | 1 2 3 5 6 7 8 9 10 11 | 11.3
Slings         | 1 2 3 5 6 7 8 9 10 11 | 11.3
Bows           | 1 2 3 5 6 7 8 9 10 11 | 11.3
Crossbows      | 1 2 3 5 6 7 8 9 10 11 | 11.3
Throwing       | 1 2 3 5 6 7 8 9 10 11 | 11.3
Stealth        | 1 2 3 5 6 7 8 9 10 11 | 11.3
Shields        | 1 2 3 5 6 7 8 9 10 11 | 11.3
Unarmed Combat | 1 2 3 5 6 7 8 9 10 11 | 11.3
Spellcasting   | 1 2 3 5 6 7 8 9 10 11 | 11.3
Evocations     | 1 2 3 5 6 7 8 9 10 11 | 11.3
Conjurations   | 1 2 3 4 5 6 7 8 9 |  9.6
Hexes          | 1 2 3 4 5 6 7 8 9 |  9.6
Charms         | 1 2 3 4 5 6 7 8 9 |  9.6
Summonings     | 1 2 3 4 5 6 7 8 9 |  9.6
Necromancy     | 1 2 3 4 5 6 7 8 9 |  9.6
Translocations | 1 2 3 4 5 6 7 8 9 |  9.6
Transmutations | 1 2 3 4 5 6 7 8 9 |  9.6
Fire Magic     | 1 2 3 4 5 6 7 8 9 |  9.6
Ice Magic      | 1 2 3 4 5 6 7 8 9 |  9.6
Air Magic      | 1 2 3 4 5 6 7 8 9 |  9.6
Earth Magic    | 1 2 3 4 5 6 7 8 9 |  9.6
Poison Magic   | 1 2 3 4 5 6 7 8 9 |  9.6
Dodging        | 3 4 5 7 8 9 10 11 | 11.6
Armour         | 5 6 8 9 10 11 12 | 12.1
Fighting       | 7 8 9 10 11 12 | 12.8
Axes           | 7 8 9 10 11 12 | 12.8

Action                   |  1- 3 |  4- 6 |  7- 9 | 10-12 | 13-15 | 16-18 || total
-------------------------+-------+-------+-------+-------+-------+-------++-------
Melee: Hand axe          |    98 |   161 |   129 |       |       |       ||   388
       Bite              |     6 |    22 |    42 |     9 |    58 |    59 ||   196
       Punch             |       |     1 |     1 |       |     1 |     2 ||     5
       Flail             |       |       |   132 |       |       |       ||   132
       Short sword       |       |       |   106 |    62 |       |       ||   168
       Unarmed           |       |       |       |     1 |       |       ||     1
       Executioner's axe |       |       |       |    55 |   579 |   436 ||  1070
       Eveningstar       |       |       |       |       |    45 |    34 ||    79
       Headbutt          |       |       |       |       |     6 |    82 ||    88
 Fire: Hunting sling     |       |       |     1 |       |       |       ||     1
Throw: Javelin           |       |       |    83 |    99 |       |       ||   182
       Tomahawk          |       |       |    30 |   397 |   363 |       ||   790
 Abil: Evoke Flight      |       |       |     6 |     1 |       |     1 ||     8
Evoke: Wand              |       |       |       |     4 |    29 |    36 ||    69
       Box of beasts     |       |       |       |       |       |     2 ||     2
       Phial of floods   |       |       |       |       |       |     1 ||     1
       Sack of spiders   |       |       |       |       |       |     1 ||     1
  Use: Scroll            |       |     2 |     3 |    19 |    14 |    10 ||    48
       Potion            |       |       |    11 |    13 |     3 |     2 ||    29
 Stab: Sleeping          |     2 |     5 |     1 |       |     5 |     7 ||    20
       Confused          |       |       |     1 |       |       |       ||     1
       Paralysed         |       |       |       |       |     3 |       ||     3
       Distracted        |       |       |       |       |     2 |     3 ||     5
  Eat: Chunk             |     1 |     5 |     4 |     8 |    17 |    10 ||    45
       Ration            |       |       |     4 |     4 |     4 |     3 ||    15
Armor: Leather armour    |    29 |    75 |     2 |       |       |       ||   106
       Chain mail        |       |       |   350 |   213 |   588 |   307 ||  1458
       Skin              |       |       |       |    24 |       |       ||    24
       Plate armour      |       |       |       |       |       |    67 ||    67
Dodge: Dodged            |    42 |   108 |   262 |   174 |   490 |   426 ||  1502

Table legend:
 A = Spawn XP
 B = Non-spawn XP
 C = Spawn XP percentage of total XP
 D = Spawn monster count
 E = Non-spawn monster count
 F = Spawn count percentage of total count
 G = Total turns spent on level
                    A         B        C        D         E        F      G
               +---------+---------+-------+---------+---------+-------+---------
         Total |       0 |  198952 |   0.0 |       0 |     925 |   0.0 | 25502
               +---------+---------+-------+---------+---------+-------+---------
           D:1 |       0 |      65 |   0.0 |       0 |      29 |   0.0 |   819
           D:2 |       0 |      67 |   0.0 |       0 |      25 |   0.0 |   816
           D:3 |       0 |      70 |   0.0 |       0 |      24 |   0.0 |   781
           D:4 |       0 |     451 |   0.0 |       0 |       7 |   0.0 |   547
           D:5 |       0 |     660 |   0.0 |       0 |      19 |   0.0 |   770
           D:6 |       0 |    1351 |   0.0 |       0 |      22 |   0.0 |  1001
           D:7 |       0 |    1208 |   0.0 |       0 |      33 |   0.0 |  1215
           D:8 |       0 |    2490 |   0.0 |       0 |      23 |   0.0 |  1049
           D:9 |       0 |    3417 |   0.0 |       0 |      27 |   0.0 |   962
          D:10 |       0 |    3822 |   0.0 |       0 |      22 |   0.0 |   663
          D:11 |       0 |    5287 |   0.0 |       0 |      28 |   0.0 |  1090
          D:12 |       0 |    7599 |   0.0 |       0 |      52 |   0.0 |  1239
          D:13 |       0 |   14803 |   0.0 |       0 |      44 |   0.0 |   836
        Lair:1 |       0 |    6326 |   0.0 |       0 |      22 |   0.0 |  1012
        Lair:2 |       0 |    9168 |   0.0 |       0 |      42 |   0.0 |   763
        Lair:3 |       0 |    5973 |   0.0 |       0 |      24 |   0.0 |  1139
        Lair:4 |       0 |    9767 |   0.0 |       0 |      36 |   0.0 |   907
        Lair:5 |       0 |   11047 |   0.0 |       0 |      28 |   0.0 |  1119
        Lair:6 |       0 |   21168 |   0.0 |       0 |      90 |   0.0 |  1273
       Swamp:1 |       0 |   10665 |   0.0 |       0 |      26 |   0.0 |   913
       Swamp:2 |       0 |   22793 |   0.0 |       0 |      42 |   0.0 |  1074
       Swamp:3 |       0 |   11007 |   0.0 |       0 |      32 |   0.0 |  1087
       Swamp:4 |       0 |   17575 |   0.0 |       0 |      41 |   0.0 |   988
         Orc:1 |       0 |    2075 |   0.0 |       0 |       6 |   0.0 |   324
         Orc:2 |       0 |   20864 |   0.0 |       0 |     139 |   0.0 |  1787
         Elf:1 |       0 |    7232 |   0.0 |       0 |      15 |   0.0 |    74
        Bailey |       0 |    2002 |   0.0 |       0 |      27 |   0.0 |  1012
               +---------+---------+-------+---------+---------+-------+---------
